 Dungeon Crawl Stone Soup version 0.30-a0-778-g2ef04afb54 (webtiles) character file.

Game seed: 8643241486293038317

58 Pimp the Trooper (level 3, -3/29 HPs)
             Began as a Demonspawn Fighter on Feb 16, 2023.
             Slain by Crazy Yiuf
             ... wielding a +3 quarterstaff of chaos
              (6 damage)
             ... on level 2 of the Dungeon.
             The game lasted 00:04:01 (1474 turns).

Pimp the Trooper (Demonspawn Fighter)               Turns: 1474, Time: 00:04:01

Health: -3/29      AC: 11    Str: 18    XL:     3   Next: 76%
Magic:  3/3        EV:  5    Int:  9    God:
Gold:   58         SH:  0    Dex: 12    Spells: 2/2 levels left

rFire   . . .      SeeInvis .    a - +0 war axe
rCold   . . .      Faith    .    l - +0 kite shield
rNeg    . . .      Spirit   .    o - +0 chain mail
rPois   .          Reflect  .    (no helmet)
rElec   .          Harm     .    g - +0 cloak
rCorr   .          Rampage  .    r - +0 pair of gloves
Will    .....                    (no boots) Stlth
                                 (no amulet)
HPRegen 0.24/turn                (no ring)
MPRegen 0.08/turn                (no ring)

@: confused
A: demonic guardian 1, weakness stinger 1, stinger 1, screaming 1, evolution 1
a: no special abilities


You were on level 2 of the Dungeon.
You visited 1 branch of the dungeon, and saw 2 of its levels.

You collected 58 gold pieces.

Inventory:

Hand Weapons
 a - a +0 war axe (weapon)
Missiles
 h - 2 poisoned darts (quivered)
Armour
 b - a +0 scale mail
 c - a +0 buckler
 g - a +0 cloak (worn)
 l - a +0 kite shield (worn)
 o - a +0 chain mail (worn)
 r - a +0 pair of gloves (worn)
Scrolls
 e - a scroll of fear {unknown}
 f - 3 scrolls of teleportation
 u - 2 scrolls of fog
Potions
 d - a potion of might
 s - a potion of mutation


   Skills:
 + Level 3.3 Fighting
 + Level 2.6 Axes
 + Level 3.0 Armour
 + Level 0.2 Dodging
 + Level 0.1 Stealth
 + Level 3.1 Shields


You had 2 spell levels left.
You didn't know any spells.
Your spell library was empty.

Dungeon Overview and Level Annotations

Branches:
Dungeon (2/15)

Altars:
Kikubaaqudgha

Annotations:
D:2 Crazy Yiuf


Innate Abilities, Weirdness & Mutations

A weak demonic guardian rushes to your aid.
You have a small tail.
Your tail ends in a venomous barb.
You occasionally shout uncontrollably at your foes.
You have hidden genetic potential.


Message History

You are not religious.
Unknown command.
You start resting.
Crazy Yiuf grits, "Millenium broken arga!"
Crazy Yiuf cries, "You leg down broken song, no?"
Your transformation is almost over.
Crazy Yiuf yells, "Powder mumblescurry mobile!"
You feel less attractive to monsters.
You start resting.
Crazy Yiuf says, "Crazy?
Crazy!?
PORCUPINE!"
HP restored.
You feel less wooden.
Your +0 cloak unmelds from your body.
Your +0 pair of gloves unmelds from your body.
Your +0 chain mail unmelds from your body.
You start waiting.
Crazy Yiuf sings, "Trees, trees, trees, circus!"
Crazy Yiuf cries, "Blight green Hive!"
Crazy Yiuf twirls on the spot.
You start to feel less resistant.
You open the door. You barely miss Crazy Yiuf.
Crazy Yiuf says, "Action poople Orb Guardian!"
Crazy Yiuf hits you with a +3 quarterstaff of chaos.
A demonic guardian appears!
Crazy Yiuf hits you with a +3 quarterstaff of chaos!
You closely miss Crazy Yiuf.
Crazy Yiuf hits you with a +3 quarterstaff of chaos.
You are confused.
Your shadow imp hits Crazy Yiuf.
You bump into the rock wall.
Your resistance to elements expires.
Crazy Yiuf hits you with a +3 quarterstaff of chaos.
* * * LOW HITPOINT WARNING * * *
Crazy Yiuf burns you.
* * * LOW HITPOINT WARNING * * *
Your shadow imp hits Crazy Yiuf.
You bump into the rock wall.
Crazy Yiuf hits you with a +3 quarterstaff of chaos.
You die...

##....#####....#.......#.
####...###
#..#####....### #....###
#..# ###### ### ##.####
#### ..###...#
..#†...########
......##.#..#.### ###
..###.#...P..#..##...#
..# #.....P.####@g5..#
..# ###..#P## ###..)# ..#
###### ### ###


You could see Crazy Yiuf (ally target) and a friendly shadow imp (summoned).

Vanquished Creatures
  An adder (D:2)
  2 dart slugs
  2 endoplasms
  2 giant cockroaches (D:1)
  6 goblins
  5 hobgoblins (D:1)
  3 jackals (D:1)
  4 quokkas
  4 ball pythons
  3 bats (D:1)
  A frilled lizard (D:2)
  3 kobolds
  7 rats
43 creatures vanquished.

Notes
Turn   | Place    | Note
-------+----------+-------------------------------------------
     0 | D:1      | Pimp the Demonspawn Fighter began the quest for the Orb.
     0 | D:1      | Reached XP level 1. HP: 18/18 MP: 1/1
   280 | D:1      | Gained mutation: You have a small tail. [demonic ancestry]
   280 | D:1      | Reached XP level 2. HP: 13/24 MP: 2/2
   626 | D:1      | Gained mutation: A weak demonic guardian rushes to your
                  | aid. [demonic ancestry]
   626 | D:1      | Reached XP level 3. HP: 28/29 MP: 3/3
  1087 | D:2      | Found an ancient bone altar of Kikubaaqudgha.
  1299 | D:2      | Found a faded altar of an unknown god.
  1410 | D:2      | Found a runed translucent door.
  1411 | D:2      | Noticed Crazy Yiuf
  1423 | D:2      | Gained mutation: Your tail ends in a venomous barb. [potion
                  | of mutation]
  1423 | D:2      | Gained mutation: You occasionally shout uncontrollably at
                  | your foes. [potion of mutation]
  1423 | D:2      | Gained mutation: You have hidden genetic potential. [potion
                  | of mutation]
  1474 | D:2      | Slain by Crazy Yiuf

Illustrated notes

Levels and vault maps discovered:
D:1:      wander_arrival_desolate, layout_loops_corners
D:2:      layout_rooms, basic_altar, shapermc_ecumenical_altar_mp_highgroup,
          uniq_jessica, uniq_crazy_yiuf_cottage

Skill      XL: |  1  2  3 |
---------------+----------+-----
Shields        | 3 |  3.1
Axes           | 2 |  2.6
Armour         | 3 |  3.0
Fighting       | |  3.3
Dodging        | |  0.2
Stealth        | |  0.1

Action                     || total
---------------------------++-------
  Melee: War axe           ||   103
         Tailslap          ||     6
    Use: Potion            ||     8
         Scroll            ||     2
 Armour: Scale mail        ||    54
         Chain mail        ||    13
  Dodge: Dodged            ||    44
  Block: Buckler           ||    30
         Kite shield       ||    12

Table legend: (Time is in decaauts)
 A = Elapsed time spent in this place.
 B = Non-inter-level travel time spent in this place.
 C = Inter-level travel time spent in this place.
 D = Time resting spent in this place.
 E = Time spent auto-exploring this place.
 F = Levels seen in this place.
 G = Mean time per level.
                   A        B        C        D        E       F      G
               +--------+--------+--------+--------+--------+-----+--------+
         Total |   1523 |   1433 |     90 |     46 |    994 |   2 |  761.5 |
       Dungeon |   1523 |   1433 |     90 |     46 |    994 |   2 |  761.5 |
               +--------+--------+--------+--------+--------+-----+--------+

Top non-repeatable levels by time:
     D:1: 1026 daAuts
     D:2: 496 daAuts
